TOP OF THE 1ST |
Saskatoon Smokin' Guns batting - Pitching for Seattle Rainiers : RHP Lúcio Feliciano
|
Pitching: RHP Lúcio Feliciano
|
|
Batting: LHB Alejandro Rojas
|
0-0: Ball 1-0: Fly out, F7 (Flyball, 7M)
|
Batting: RHB Peter Bryant
|
0-0: Ball 1-0: Ground out 5-3 (Groundball, 56S)
|
Batting: LHB Raúl Casillán
|
0-0: Called Strike 0-1: Ball 1-1: Ball 2-1: Ball 3-1: Foul Ball, location: 2F 3-2: Foul Ball, location: 2F 3-2: Base on Balls
|
Batting: LHB José Liñares
|
0-0: Ball 1-0: Ball Raúl Casillán steals 2nd base 2-0: SINGLE (Line Drive, 34D) Raúl Casillán to third Runner from 3rd tries for Home, SAFE, no throw or cutoff
|
Batting: RHB Luis Ibarra
|
0-0: Fly out, F8 (Flyball, 8RXD)
|
Top of the 1st over - 1 run(s), 1 hit(s), 0 error(s), 1 left on base; Saskatoon 1 - Seattle 0 |
BOTTOM OF THE 1ST |
Seattle Rainiers batting - Pitching for Saskatoon Smokin' Guns : RHP Bernie Titus
|
Pitching: RHP Bernie Titus
|
|
Batting: RHB Howard Russell
|
0-0: DOUBLE (Line Drive, 89M)
|
Batting: LHB Mike White
|
0-0: Swinging Strike 0-1: Called Strike 0-2: Strikes out swinging
|
Batting: RHB Enrique Mendoza
|
0-0: Foul Ball, location: 2F 0-1: Ball 1-1: Ball 2-1: Foul Ball, location: 2F 2-2: Foul Ball, location: 2F 2-2: Strikes out swinging
|
Batting: LHB Alan Moore
|
0-0: Ball 1-0: Called Strike 1-1: Ball 2-1: Ball 3-1: Foul Ball, location: 2F 3-2: Ground out U3 (Groundball, 3)
|
Bottom of the 1st over - 0 run(s), 1 hit(s), 0 error(s), 1 left on base; Saskatoon 1 - Seattle 0 |
TOP OF THE 2ND |
Saskatoon Smokin' Guns batting - Pitching for Seattle Rainiers : RHP Lúcio Feliciano
|
Batting: LHB Russell Peck
|
0-0: Ball 1-0: Called Strike 1-1: Foul Ball, location: 2F 1-2: Ball 2-2: Strikes out swinging
|
Batting: RHB Johnny MacNamara
|
0-0: Ball 1-0: Ball 2-0: Swinging Strike 2-1: Foul Ball, location: 2F 2-2: Strikes out swinging
|
Batting: LHB Bo Rush
|
0-0: Foul Ball, location: 2F 0-1: Ball 1-1: SINGLE (Line Drive, 56D)
|
Batting: RHB Zack Flint
|
0-0: Foul Ball, location: 2F 0-1: Ball 1-1: Ball 2-1: Called Strike 2-2: Fielders Choice at 2nd, 6-4 (Groundball, 6)
|
Top of the 2nd over - 0 run(s), 1 hit(s), 0 error(s), 0 left on base; Saskatoon 1 - Seattle 0 |
BOTTOM OF THE 2ND |
Seattle Rainiers batting - Pitching for Saskatoon Smokin' Guns : RHP Bernie Titus
|
Batting: LHB Will Hill
|
0-0: Swinging Strike 0-1: Swinging Strike 0-2: Ball 1-2: Ball 2-2: Foul Ball, location: 2F 2-2: Foul Ball, location: 2F 2-2: Strikes out swinging
|
Batting: RHB Jorge Colón
|
0-0: Bunt for hit - play at first, batter OUT! 2-3
|
Batting: RHB António Martínez
|
0-0: Fly out, F4 (Popup, 8RS)
|
Bottom of the 2nd over - 0 run(s), 0 hit(s), 0 error(s), 0 left on base; Saskatoon 1 - Seattle 0 |
TOP OF THE 3RD |
Saskatoon Smokin' Guns batting - Pitching for Seattle Rainiers : RHP Lúcio Feliciano
|
Batting: LHB Alejandro Rojas
|
0-0: Called Strike 0-1: Foul Ball, location: 2F 0-2: Ball 1-2: Foul Ball, location: 2F 1-2: SINGLE (Line Drive, 4D)
|
Batting: RHB Peter Bryant
|
0-0: Called Strike 0-1: Ball Alejandro Rojas steals 2nd base 1-1: Ball 2-1: SINGLE (Groundball, 6MD) (infield hit) Alejandro Rojas to third
|
Batting: LHB Raúl Casillán
|
0-0: Swinging Strike 0-1: Called Strike Peter Bryant steals 2nd base 0-2: Fly out, F4 (Popup, 3DF)
|
Batting: LHB José Liñares
|
0-0: Called Strike 0-1: Ball 1-1: SINGLE (Groundball, 6MD) Alejandro Rojas scores Peter Bryant to third Runner from 3rd tries for Home, SAFE, throw made home José Liñares to second
|
Batting: RHB Luis Ibarra
|
0-0: Ball 1-0: Fly out, F7 (Flyball, 78S)
|
Batting: LHB Russell Peck
|
0-0: Called Strike 0-1: Ball 1-1: Foul Ball, location: 2F 1-2: Strikes out swinging
|
Top of the 3rd over - 2 run(s), 3 hit(s), 0 error(s), 1 left on base; Saskatoon 3 - Seattle 0 |
BOTTOM OF THE 3RD |
Seattle Rainiers batting - Pitching for Saskatoon Smokin' Guns : RHP Bernie Titus
|
Batting: RHB Vincent Braun
|
0-0: Ball 1-0: Fly out, F7 (Flyball, 78M)
|
Batting: RHB John Hill
|
0-0: Ball 1-0: Called Strike 1-1: Ball 2-1: Ball 3-1: Foul Ball, location: 2F 3-2: SOLO HOME RUN (Flyball, 78XD), Distance : 437 ft
|
Batting: RHB Howard Russell
|
0-0: Called Strike 0-1: Swinging Strike 0-2: Ball 1-2: Foul Ball, location: 2F 1-2: Strikes out swinging
|
Batting: LHB Mike White
|
0-0: Called Strike 0-1: Ball 1-1: SINGLE (Line Drive, 78S)
|
Batting: RHB Enrique Mendoza
|
0-0: Called Strike Mike White steals 2nd base 0-1: Ball 1-1: Ball 2-1: SINGLE (Line Drive, 89S) Mike White to third Runner from 3rd tries for Home, SAFE, no throw or cutoff
|
Batting: LHB Alan Moore
|
0-0: DOUBLE (Flyball, 89XD) Enrique Mendoza to third Runner from 3rd tries for Home, SAFE, no throw or cutoff
|
Batting: LHB Will Hill
|
0-0: Ball 1-0: Ball 2-0: Ball 3-0: Called Strike 3-1: Base on Balls
|
Batting: RHB Jorge Colón
|
0-0: Ball 1-0: Called Strike 1-1: Foul Ball, location: 2F 1-2: Foul Ball, location: 2F 1-2: Foul Ball, location: 2F 1-2: Foul Ball, location: 2F 1-2: Strikes out swinging
|
Bottom of the 3rd over - 3 run(s), 4 hit(s), 0 error(s), 2 left on base; Saskatoon 3 - Seattle 3 |
TOP OF THE 4TH |
Saskatoon Smokin' Guns batting - Pitching for Seattle Rainiers : RHP Lúcio Feliciano
|
Batting: RHB Johnny MacNamara
|
0-0: DOUBLE (Line Drive, 8RS)
|
Batting: LHB Bo Rush
|
0-0: Called Strike 0-1: SINGLE (Groundball, 4MD) Johnny MacNamara to third
|
Batting: RHB Zack Flint
|
0-0: Ball 1-0: SINGLE (Line Drive, 7S) Johnny MacNamara scores Bo Rush to second
|
Batting: LHB Alejandro Rojas
|
0-0: DOUBLE (Line Drive, 89XD) Bo Rush scores Zack Flint to third
|
Batting: RHB Peter Bryant
|
0-0: Ball 1-0: Foul Ball, location: 2F 1-1: Ball 2-1: Called Strike 2-2: Foul Ball, location: 2F 2-2: Foul Ball, location: 2F 2-2: Ball Wild Pitch! Zack Flint scores Alejandro Rojas to third 3-2: SINGLE (Groundball, 15S) (infield hit)
|
Batting: LHB Raúl Casillán
|
0-0: SINGLE (Line Drive, 4MD) Alejandro Rojas scores Peter Bryant to second
|
Batting: LHB José Liñares
|
0-0: Ball 1-0: DOUBLE (Flyball, 89XD) Peter Bryant scores Raúl Casillán to third Runner from 3rd tries for Home, SAFE, no throw or cutoff
|
Pitching: RHP Les Johnston
|
|
Batting: RHB Luis Ibarra
|
0-0: Ball 1-0: Called Strike 1-1: Called Strike 1-2: Foul Ball, location: 2F 1-2: Ball 2-2: Strikes out swinging
|
Batting: LHB Russell Peck
|
0-0: Ball José Liñares is caught stealing 3rd base 1-0: Ball 2-0: Swinging Strike 2-1: Foul Ball, location: 2F 2-2: Foul Ball, location: 2F 2-2: Ball 3-2: Base on Balls
|
Batting: RHB Johnny MacNamara
|
0-0: Ball 1-0: Foul Ball, location: 2F 1-1: Ball 2-1: Swinging Strike 2-2: Reached on Error, E9 (Flyball, 9S) Russell Peck to third
|
Batting: LHB Bo Rush
|
0-0: SINGLE (Groundball, 3D) Russell Peck scores Johnny MacNamara to third Runner from 3rd tries for Home, SAFE, no throw or cutoff
|
Batting: RHB Zack Flint
|
0-0: 2-RUN HOME RUN (Line Drive, 78XD), Distance : 420 ft
|
Batting: LHB Alejandro Rojas
|
0-0: Ball 1-0: Swinging Strike 1-1: Called Strike 1-2: Ball 2-2: Ball 3-2: Base on Balls
|
Batting: RHB Peter Bryant
|
0-0: Called Strike Alejandro Rojas steals 2nd base 0-1: Ball 1-1: Fly out, F6 (Popup, 6D)
|
Top of the 4th over - 10 run(s), 9 hit(s), 1 error(s), 1 left on base; Saskatoon 13 - Seattle 3 |
BOTTOM OF THE 4TH |
Seattle Rainiers batting - Pitching for Saskatoon Smokin' Guns : RHP Bernie Titus
|
Batting: RHB António Martínez
|
0-0: Ball 1-0: SINGLE (Line Drive, 56)
|
Batting: RHB Vincent Braun
|
0-0: Called Strike 0-1: Ball 1-1: Swinging Strike 1-2: Ball 2-2: Fly out, F7 (Flyball, 7M)
|
Batting: RHB John Hill
|
0-0: Ball 1-0: Called Strike 1-1: Foul Ball, location: 2F 1-2: Ball 2-2: Foul Ball, location: 2F 2-2: Foul Ball, location: 2F 2-2: Foul Ball, location: 2F 2-2: Strikes out swinging
|
Batting: RHB Howard Russell
|
0-0: Ball 1-0: SINGLE (Line Drive, 89M) António Martínez to second
|
Batting: LHB Mike White
|
0-0: Called Strike 0-1: Foul Ball, location: 2F 0-2: Strikes out looking
|
Bottom of the 4th over - 0 run(s), 2 hit(s), 0 error(s), 2 left on base; Saskatoon 13 - Seattle 3 |
TOP OF THE 5TH |
Saskatoon Smokin' Guns batting - Pitching for Seattle Rainiers : RHP Les Johnston
|
Batting: LHB Raúl Casillán
|
0-0: Ball 1-0: Foul Ball, location: 2F 1-1: Ball 2-1: Called Strike 2-2: Foul Ball, location: 2F 2-2: Ball 3-2: Foul Ball, location: 2F 3-2: Ground out 6-3 (Groundball, 6M)
|
Batting: LHB José Liñares
|
0-0: Called Strike 0-1: Swinging Strike 0-2: Foul Ball, location: 2F 0-2: Ball 1-2: Foul Ball, location: 2F 1-2: Ball 2-2: Ground out 5-3 (Groundball, 56S)
|
Batting: RHB Luis Ibarra
|
0-0: Foul Ball, location: 2F 0-1: Ball 1-1: Called Strike 1-2: Strikes out looking
|
Top of the 5th over - 0 run(s), 0 hit(s), 0 error(s), 0 left on base; Saskatoon 13 - Seattle 3 |
BOTTOM OF THE 5TH |
Seattle Rainiers batting - Pitching for Saskatoon Smokin' Guns : RHP Bernie Titus
|
Batting: RHB Enrique Mendoza
|
0-0: Fly out, F9 (Flyball, 89M)
|
Batting: LHB Alan Moore
|
0-0: Ball 1-0: SINGLE (Flyball, 89S)
|
Batting: LHB Will Hill
|
0-0: Called Strike 0-1: Ground out U3 (Groundball, 3S) Alan Moore to second
|
Batting: RHB Jorge Colón
|
0-0: Fly out, F3 (Popup, 3DF)
|
Bottom of the 5th over - 0 run(s), 1 hit(s), 0 error(s), 1 left on base; Saskatoon 13 - Seattle 3 |
TOP OF THE 6TH |
Saskatoon Smokin' Guns batting - Pitching for Seattle Rainiers : RHP Les Johnston
|
Pitching: LHP Jeffrey Glass
|
|
Batting: LHB Russell Peck
|
0-0: Ball 1-0: Ball 2-0: Ball 3-0: Base on Balls
|
Batting: RHB Johnny MacNamara
|
0-0: Ball 1-0: Ball 2-0: Ball 3-0: Base on Balls Russell Peck to second
|
Batting: LHB Bo Rush
|
0-0: Fly out, F7 (Flyball, 78D)
|
Batting: RHB Zack Flint
|
0-0: Ball 1-0: Ball 2-0: Swinging Strike 2-1: 3-RUN HOME RUN (Flyball, 78XD), Distance : 426 ft
|
Batting: LHB Alejandro Rojas
|
0-0: Ball 1-0: Ground out 4-3 (Groundball, 4)
|
Batting: RHB Peter Bryant
|
0-0: Called Strike 0-1: Ball 1-1: TRIPLE (Flyball, 9LM)
|
Batting: LHB Raúl Casillán
|
0-0: Called Strike 0-1: Ball 1-1: Fly out, F7 (Flyball, 7M)
|
Top of the 6th over - 3 run(s), 2 hit(s), 0 error(s), 1 left on base; Saskatoon 16 - Seattle 3 |
BOTTOM OF THE 6TH |
Seattle Rainiers batting - Pitching for Saskatoon Smokin' Guns : RHP Bernie Titus
|
Pitching: RHP Guy Farinelli
|
|
Batting: RHB António Martínez
|
0-0: Called Strike 0-1: DOUBLE (Line Drive, 7LS)
|
Batting: RHB Vincent Braun
|
0-0: Swinging Strike 0-1: Ball 1-1: Ball 2-1: Swinging Strike 2-2: Strikes out swinging
|
Batting: RHB John Hill
|
0-0: Called Strike 0-1: Ball 1-1: Fly out, F8 (Flyball, 8RS)
|
Batting: RHB Howard Russell
|
0-0: Fly out, F9 (Flyball, 9M)
|
Bottom of the 6th over - 0 run(s), 1 hit(s), 0 error(s), 1 left on base; Saskatoon 16 - Seattle 3 |
TOP OF THE 7TH |
Saskatoon Smokin' Guns batting - Pitching for Seattle Rainiers : LHP Jeffrey Glass
|
Batting: LHB José Liñares
|
0-0: Ball 1-0: Ground out 3-1 (Groundball, 3)
|
Batting: RHB Luis Ibarra
|
0-0: Ball 1-0: Foul Ball, location: 2F 1-1: Ball 2-1: Ground out 4-3 (Groundball, 4)
|
Batting: LHB Russell Peck
|
0-0: Swinging Strike 0-1: Ball 1-1: Called Strike 1-2: Strikes out looking
|
Top of the 7th over - 0 run(s), 0 hit(s), 0 error(s), 0 left on base; Saskatoon 16 - Seattle 3 |
BOTTOM OF THE 7TH |
Seattle Rainiers batting - Pitching for Saskatoon Smokin' Guns : RHP Guy Farinelli
|
Batting: LHB Mike White
|
0-0: Ball 1-0: Swinging Strike 1-1: Ball 2-1: Swinging Strike 2-2: Ball 3-2: Foul Ball, location: 2F 3-2: Base on Balls
|
Batting: RHB Enrique Mendoza
|
0-0: Ball 1-0: Ground out 5-3 (Groundball, 5S) Mike White to second
|
Batting: LHB Alan Moore
|
0-0: Ball 1-0: Ball 2-0: Ball 3-0: Called Strike 3-1: Fly out, F9 (Flyball, 89M)
|
Batting: LHB Will Hill
|
0-0: Ground out 4-3 (Groundball, 4)
|
Bottom of the 7th over - 0 run(s), 0 hit(s), 0 error(s), 1 left on base; Saskatoon 16 - Seattle 3 |
TOP OF THE 8TH |
Saskatoon Smokin' Guns batting - Pitching for Seattle Rainiers : LHP Jeffrey Glass
|
Pitching: LHP Vicente Mojica
|
|
Batting: RHB Johnny MacNamara
|
0-0: Ball 1-0: Swinging Strike 1-1: Reached on error, E5 (Groundball, 5L)
|
Batting: LHB Bo Rush
|
0-0: Ground out 4-3 (Groundball, 4) Johnny MacNamara to third
|
Batting: RHB Zack Flint
|
0-0: Foul Ball, location: 2F 0-1: Ball 1-1: Foul Ball, location: 2F 1-2: Strikes out looking
|
Batting: LHB Alejandro Rojas
|
0-0: Foul Ball, location: 2F 0-1: Called Strike 0-2: Ball 1-2: Strikes out swinging
|
Top of the 8th over - 0 run(s), 0 hit(s), 1 error(s), 1 left on base; Saskatoon 16 - Seattle 3 |
BOTTOM OF THE 8TH |
Seattle Rainiers batting - Pitching for Saskatoon Smokin' Guns : RHP Guy Farinelli
|
Pitching: RHP Bernardo García
|
|
Batting: RHB Jorge Colón
|
0-0: Ball 1-0: Ball 2-0: Ball 3-0: Called Strike 3-1: Swinging Strike 3-2: Fly out, F9 (Flyball, 89M)
|
Batting: RHB António Martínez
|
0-0: Called Strike 0-1: Swinging Strike 0-2: Ball 1-2: Ball 2-2: Ball 3-2: Fly out, F3 (Popup, 3SF)
|
Batting: RHB Vincent Braun
|
0-0: Called Strike 0-1: Swinging Strike 0-2: Strikes out swinging
|
Bottom of the 8th over - 0 run(s), 0 hit(s), 0 error(s), 0 left on base; Saskatoon 16 - Seattle 3 |
TOP OF THE 9TH |
Saskatoon Smokin' Guns batting - Pitching for Seattle Rainiers : LHP Vicente Mojica
|
Batting: RHB Peter Bryant
|
0-0: Foul Ball, location: 2F 0-1: Swinging Strike 0-2: Ball 1-2: Ball 2-2: Strikes out swinging
|
Batting: LHB Raúl Casillán
|
0-0: Ball 1-0: Called Strike 1-1: Fly out, F5 (Popup, 25)
|
Batting: LHB José Liñares
|
0-0: Called Strike 0-1: Foul Ball, location: 2F 0-2: Ball 1-2: Strikes out swinging
|
Top of the 9th over - 0 run(s), 0 hit(s), 0 error(s), 0 left on base; Saskatoon 16 - Seattle 3 |
BOTTOM OF THE 9TH |
Seattle Rainiers batting - Pitching for Saskatoon Smokin' Guns : RHP Bernardo García
|
Batting: RHB John Hill
|
0-0: Called Strike 0-1: Ball 1-1: Ball 2-1: Ground out U3 (Groundball, 3)
|
Batting: RHB Howard Russell
|
0-0: Ball 1-0: Ground out 6-3 (Groundball, 6M)
|
Batting: LHB Mike White
|
0-0: Called Strike 0-1: Fly out, F8 (Flyball, 8LS)
|
Bottom of the 9th over - 0 run(s), 0 hit(s), 0 error(s), 0 left on base; Saskatoon 16 - Seattle 3 |
|